 Dungeon Crawl Stone Soup version 0.25-a0-317-g5f8687bca5 (webtiles) character file.

Game seed: 15894138986492496406, levelgen mode: deterministic

5237 Error4North the Blocker (level 10, -3/84 HPs)
             Began as a Hill Orc Fighter on Dec 26, 2019.
             Slain by a shadow (7 damage)
             ... on level 11 of the Dungeon.
             The game lasted 00:33:41 (7302 turns).

Error4North the Blocker (Hill Orc Fighter)          Turns: 7302, Time: 00:33:42

Health: -3/84      AC: 18    Str: 31    XL:     10   Next: 61%
Magic:  16/16      EV:  7    Int: 13    God:
Gold:   371        SH: 13    Dex: 14    Spells: 17/17 levels left

rFire    x . .     SeeInvis .   s - +0 hunting sling
rCold    + . .     Gourm    .   c - +0 shield
rNeg     . . .     Faith    .   m - +0 plate armour
rPois    .         Spirit   .   j - +0 helmet
rElec    .         Reflect  .   D - +1 cloak
rCorr    .         Harm     .   H - +0 pair of gloves "Tafom" {Str+4 Dex+4 Slay-3}
MR       .....                  (no boots)
Stlth    ..........             z - amulet of magic regeneration
HPRegen  0.24/turn              e - ring of ice
MPRegen  0.40/turn              F - +4 ring of intelligence

@: mighty, lethally poisoned (-3 -> -4)
A: no striking features
a: no special abilities


You were on level 11 of the Dungeon.
You were not hungry.

You visited 2 branches of the dungeon, and saw 10 of its levels.

You collected 371 gold pieces.

Inventory:

Hand Weapons
 s - a +0 hunting sling (weapon)
 v - a +0 mace of crushing
 A - the +9 scimitar of Tuhoisch {venom, rF+}
   (You found it on level 4 of the Dungeon)

   It poisons the flesh of those it strikes.
   It protects you from fire.
Missiles
 i - 74 sling bullets (quivered)
 r - 180 stones
Armour
 c - a +0 shield (worn)
 j - a +0 helmet (worn)
 m - a +0 plate armour (worn)
 D - a +1 cloak (worn)
 H - the +0 pair of gloves "Tafom" (worn) {Str+4 Dex+4 Slay-3}
   (You found it on level 6 of the Dungeon)

   It affects your strength (+4).
   It affects your dexterity (+4).
   It affects your accuracy and damage with ranged weapons and melee attacks
   (-3).
 N - a +0 pair of boots
Jewellery
 e - a ring of ice (left hand)
 z - an amulet of magic regeneration (around neck)
 F - a +4 ring of intelligence (right hand)
 M - a cursed ring of teleportation {unknown}
Wands
 h - a wand of digging (2)
Scrolls
 a - 2 scrolls of magic mapping {unknown}
 b - 5 scrolls of identify {unknown}
 g - 3 scrolls of fog
 l - a scroll of noise {unknown}
 n - 6 scrolls of remove curse {unknown}
 o - 2 scrolls of enchant weapon {unknown}
 q - a scroll of enchant armour {unknown}
 t - a scroll of random uselessness
 u - 2 scrolls of teleportation {unknown}
 x - 2 scrolls of immolation
 y - a scroll of fear {unknown}
 C - 2 scrolls of blinking {unknown}
 E - a scroll of amnesia {unknown}
Potions
 d - 2 potions of might
 k - a potion of curing
 p - 4 potions of heal wounds
 w - 2 potions of flight
 B - a potion of resistance
 G - 3 potions of brilliance {unknown}
 J - 2 potions of lignification {unknown}
 L - a potion of ambrosia
Miscellaneous
 I - a phial of floods
Comestibles
 f - 10 rations
 K - 2 chunks of flesh


   Skills:
 + Level 6.9 Fighting
 + Level 5.3 Long Blades
   Level 7.0 Axes
 + Level 2.0(2.1) Slings
 + Level 0.1(1.2) Throwing
 * Level 7.4 Armour
 + Level 0.3 Dodging
 * Level 9.1 Shields
 * Level 4.1 Spellcasting
 * Level 5.0 Evocations


You had 17 spell levels left.
You didn't know any spells.
Your spell library was empty.

Dungeon Overview and Level Annotations

Branches:
Dungeon (8/15)             Temple (1/1) D:6
   Lair: D:8-11

Altars:
Ashenzari
Cheibriados
Dithmenos
Elyvilon
Gozag
Hepliaklqana
Kikubaaqudgha
Makhleb
Nemelex Xobeh
Qazlal
Ru
Sif Muna
Uskayaw
Vehumet
Wu Jian
Yredelemnul
Zin
The Shining One

Annotations:
D:6 4 runed translucent doors
D:11 Sonja


Message History

Sonja blinks!
The shadow strikes at you from the darkness!
* * * LOW HITPOINT WARNING * * *
Reactivating autopickup.
You block the wraith's attack.
You feel sick. The shadow hits you. You block the wraith's attack.
Found a ration.
There is an open door here.
A hound comes into view.
The hound moves out of view.
You close the door.
You feel sick.
A wraith opens the door.
The shadow slips into darkness.
The shadow flickers and vanishes!
Deactivating autopickup; reactivate with Ctrl-A.
You feel yourself speed up.
The shadow strikes at you from the darkness!
Sonja twirls her cape.
Sonja throws a curare-tipped dart.
The curare-tipped dart misses you.
The shadow strikes at you from the darkness!
You die...

###############
#......(...%...
#^.............
#..........h...
#.@.# #..{# #
##K## ...
##?WZ##....
#§§§§......
#§§§§##....
##§§§# ...
####### #Z§.#
.. .......
#§Z§# .


You could see a wraith, Sonja, a hound (wandering) and a centaur warrior
skeleton.

Vanquished Creatures
  A two-headed ogre (D:8)
  Pikel (D:6)
  A hippogriff (D:8)
  A steam dragon (D:8)
  2 hungry ghosts (D:7)
  Duvessa (D:6)
  An ice beast (D:5)
  A necrophage (D:8)
  2 slaves (D:6)
  A black bear (D:8)
  4 sky beasts
  4 ogres
  5 centaurs
  Blork the orc (D:6)
  A gnoll sergeant (D:8)
  8 bullfrogs
  Dowan (D:6)
  3 scorpions
  7 wights (D:6)
  2 howler monkeys
  3 hounds
  3 bullfrog skeletons
  2 jellies (D:6)
  2 orc wizards
  A centaur skeleton (D:3)
  4 iguanas
  Jessica (D:2)
  10 worker ants
  A hound skeleton (D:5)
  A howler monkey zombie (D:7)
  4 gnolls (D:8)
  9 adders
  2 shadow imps
  2 oozes
  2 adder zombies
  5 worms
  4 dart slugs
  5 leopard geckos
  19 orcs
  6 giant cockroaches
  8 hobgoblins
  9 jackals
  2 quokkas
  3 bats
  7 frilled lizards
  7 goblins
  8 kobolds
  2 leopard gecko zombies
  2 quokka skeletons (D:4)
  3 rats
  A spectral orc (D:2)
186 creatures vanquished.

Vanquished Creatures (others)
  A slave (D:6)
  A centaur (D:6)
  A bullfrog skeleton (D:6)
3 creatures vanquished.

Grand Total: 189 creatures vanquished

Notes
Turn   | Place    | Note
-------+----------+-------------------------------------------
     0 | D:1      | Error4North the Hill Orc Fighter began the quest for the
                  | Orb.
     0 | D:1      | Reached XP level 1. HP: 19/19 MP: 1/1
    82 | D:1      | Reached XP level 2. HP: 23/27 MP: 2/2
   391 | D:2      | Reached XP level 3. HP: 11/33 MP: 3/3
   604 | D:2      | Found a white marble altar of Elyvilon.
   884 | D:2      | Reached skill level 1 in Spellcasting
  1071 | D:2      | Reached XP level 4. HP: 40/40 MP: 5/5
  1353 | D:2      | Reached skill level 4 in Shields
  1472 | D:2      | Found a basalt altar of Yredelemnul.
  1492 | D:2      | Noticed Jessica
  1508 | D:2      | Killed Jessica
  1508 | D:2      | Reached XP level 5. HP: 25/47 MP: 6/6
  2572 | D:3      | Found a faded altar of an unknown god.
  2694 | D:4      | Got an ancient scimitar
  2721 | D:4      | Reached XP level 6. HP: 31/53 MP: 8/8
  2886 | D:4      | Found a sparkling altar of Nemelex Xobeh.
  2937 | D:4      | Reached skill level 1 in Evocations
  2979 | D:4      | Found an ornate altar of the Wu Jian Council.
  3107 | D:4      | Reached skill level 1 in Slings
  3107 | D:4      | Reached XP level 7. HP: 45/60 MP: 9/9
  3209 | D:4      | Found a shadowy altar of Dithmenos.
  3278 | D:5      | Entered Level 5 of the Dungeon
  3548 | D:4      | Reached skill level 5 in Axes
  3548 | D:4      | Reached skill level 5 in Shields
  3551 | D:4      | Reached skill level 5 in Fighting
  3551 | D:4      | Reached skill level 5 in Armour
  3787 | D:4      | Reached XP level 8. HP: 12/69 MP: 11/11
  4129 | D:4      | Identified the +9 scimitar of Tuhoisch {venom, rF+} (You
                  | found it on level 4 of the Dungeon)
  4417 | D:5      | Found a snail-covered altar of Cheibriados.
  4453 | D:5      | Found an ancient bone altar of Kikubaaqudgha.
  4660 | D:6      | You fall into a shaft and drop 1 floor!
  4694 | D:6      | Noticed Blork the orc
  4710 | D:6      | Killed Blork the orc
  4851 | D:6      | Reached skill level 6 in Shields
  4925 | D:6      | Found a large runed translucent door.
  4927 | D:6      | Found a large runed translucent door.
  4928 | D:6      | Noticed a hippogriff
  5230 | D:6      | Found a large runed translucent door.
  5230 | D:6      | Found a large runed translucent door.
  5240 | D:6      | Reached XP level 9. HP: 75/75 MP: 13/13
  5254 | D:6      | Noticed Pikel
  5263 | D:6      | Killed Pikel
  5263 | D:6      | Reached skill level 7 in Shields
  5380 | D:6      | Noticed Dowan
  5380 | D:6      | Noticed Duvessa
  5405 | D:6      | Killed Duvessa
  5414 | D:6      | Killed Dowan
  5639 | D:6      | Found a staircase to the Ecumenical Temple.
  5657 | Temple   | Entered the Ecumenical Temple
  5923 | D:6      | Got a pair of bloodstained gloves
  6268 | D:6      | Identified the +0 pair of gloves "Tafom" {Str+4 Dex+4
                  | Slay-3} (You found it on level 6 of the Dungeon)
  6512 | D:7      | Reached XP level 10. HP: 83/83 MP: 15/15
  6872 | D:7      | Reached skill level 8 in Shields
  6954 | D:8      | Found a sacrificial altar of Ru.
  7113 | D:8      | Found a glowing silver altar of Zin.
  7261 | D:8      | Reached skill level 5 in Long Blades
  7262 | D:8      | Noticed a two-headed ogre
  7274 | D:8      | Killed a two-headed ogre
  7274 | D:8      | Reached skill level 9 in Shields
  7274 | D:8      | Reached skill level 5 in Evocations
  7285 | D:8      | You fall into a shaft and drop 3 floors!
  7285 | D:11     | Noticed Sonja
  7299 | D:11     | HP: 4/84 [poisoned by Sonja (curare-tipped dart)]
  7302 | D:11     | Slain by a shadow

Levels and vault maps discovered:
D:1:      eino_arrival_cavern_e, layout_basic
D:2:      minmay_inner_zag, layout_basic, yredelemnul_forgotten_temple_becter,
          elyvilon_altar_1, uniq_jessica
D:3:      minmay_door_path, layout_rooms, chequers_ecumenical_altar_simple,
          chequers_serial_rivers_small_a, minmay_statues_item
D:4:      layout_cave_pools, kennysheep_little_box, lemuel_round_altar,
          nemelex_xobeh_ov_fountains_minmay, first_ration
D:5:      layout_gridville, kennysheep_slug_shrine, lemuel_doored_altar
D:6:      layout_basic, minmay_temple_entry_stoned_glass, kennysheep_diamond,
          minmay_holes, minmay_hollow_rounded_squares, uniq_duvessa, uniq_pikel,
          uniq_blork_the_orc
D:7:      layout_basic, kennysheep_generic_room_8
D:8:      layout_rooms, grunt_temple_overflow_bloody_war, xom_teletrap_fun,
          zin_scriptorium, nicolae_ru_awakened_eye
D:11:     layout_gridville, david_orc_2, water_maze_lemuel, uniq_sonja
Temple:   zaba_magenta_temple

Skill      XL: |  1  2  3  4  5  6  7  8  9 10 |
---------------+-------------------------------+-----
Fighting       | 4 5 6 |  6.9
Axes           | 3 4 5 7 |  7.0
Spellcasting   | 1 2 3 4 |  4.1
Armour         | 4 5 6 7 |  7.4
Shields        | 4 5 6 7 9 |  9.1
Evocations     | 1 2 3 4 5 |  5.0
Slings         | 1 2 |  2.0
Long Blades    | 3 5 |  5.3
Throwing       | |  0.1
Dodging        | |  0.3

Action                   |  1- 3 |  4- 6 |  7- 9 | 10-12 || total
-------------------------+-------+-------+-------+-------++-------
Melee: War axe           |   105 |   216 |   148 |       ||   469
       Hand axe          |       |       |    48 |       ||    48
       Scimitar          |       |       |   124 |    94 ||   218
 Fire: Hunting sling     |       |    40 |    35 |    16 ||    91
Throw: Stone             |       |       |    10 |       ||    10
  Use: Potion            |       |     1 |     5 |     3 ||     9
       Scroll            |       |     2 |       |     1 ||     3
  Eat: Chunk             |     1 |     7 |     4 |     5 ||    17
       Ration            |       |       |     3 |       ||     3
Armor: Scale mail        |    33 |       |       |       ||    33
       Plate armour      |    14 |   149 |   240 |    77 ||   480
Dodge: Dodged            |    26 |    37 |    60 |    30 ||   153
Block: Shield            |    58 |   137 |   241 |    96 ||   532
       Rpst.: Scimitar   |       |       |     3 |     4 ||     7

Table legend:
 A = Non-vault XP
 B = Vault XP
 C = Vault XP percentage of total XP
 D = Non-vault monster count
 E = Vault monster count
 F = Vault count percentage of total count
                 A         B        C        D         E       F
            +---------+---------+-------+---------+---------+-------
      Total |    5844 |    1638 |  21.9 |     156 |      29 |  15.7
            +---------+---------+-------+---------+---------+-------
        D:1 |      22 |       0 |   0.0 |      12 |       0 |   0.0
        D:2 |      83 |      76 |  47.8 |      16 |       9 |  36.0
        D:3 |     105 |       6 |   5.4 |      23 |       3 |  11.5
        D:4 |     864 |       0 |   0.0 |      24 |       0 |   0.0
        D:5 |     478 |       4 |   0.8 |      13 |       1 |   7.1
        D:6 |     870 |    1512 |  63.5 |      29 |      15 |  34.1
        D:7 |    1021 |      40 |   3.8 |      17 |       1 |   5.6
        D:8 |    2401 |       0 |   0.0 |      22 |       0 |   0.0
            +---------+---------+-------+---------+---------+-------
